 Dungeon Crawl Stone Soup version 0.23-a0-650-ga4d50d4 (webtiles) character file.

154 Borgoz the Cutter (level 5, -4/32 HPs)
             Began as a Kobold Gladiator on Jan 3, 2019.
             Killed by divine providence
             ... invoked by an orc priest
              (13 damage)
             ... on level 2 of the Dungeon.
             The game lasted 00:13:33 (2730 turns).

Borgoz the Cutter (Kobold Gladiator)                Turns: 2730, Time: 00:13:34

Health: -4/32      AC:  6    Str: 11    XL:     5   Next: 63%
Magic:  5/5        EV: 15    Int: 10    God:
Gold:   79         SH:  0    Dex: 17    Spells: 4/4 levels left

rFire    . . .     SeeInvis .   a - +0 rapier
rCold    . . .     Gourm    .   (shield restricted)
rNeg     . . .     Faith    .   j - +0 ring mail
rPois    .         Spirit   .   c - +0 helmet
rElec    .         Reflect  .   (no cloak)
rCorr    .         Harm     .   (no gloves)
MR       .....                  (no boots)
Stlth    ++........             (no amulet)
HPRegen  0.10/turn              (no ring)
MPRegen  0.09/turn              (no ring)

@: no status effects
A: small, carnivore
a: no special abilities


You were on level 2 of the Dungeon.
You were very full.

You visited 1 branch of the dungeon, and saw 3 of its levels.

You collected 79 gold pieces.

Inventory:

Hand Weapons
 a - a +0 rapier (weapon)
 i - a +0 dagger of venom
Missiles
 d - 3 throwing nets (quivered)
 s - 17 poisoned needles
Armour
 b - a +0 leather armour
 c - a +0 helmet (worn)
 j - a +0 ring mail (worn)
Jewellery
 g - an uncursed amulet of the gourmand
Scrolls
 e - a scroll of magic mapping {unknown}
 l - 2 scrolls of remove curse {unknown}
 n - 3 scrolls of identify {unknown}
 o - a scroll of teleportation {unknown}
 q - a scroll of random uselessness {unknown}
Potions
 h - a potion of magic {unknown}
 k - a potion of might {unknown}
 m - a potion of cancellation {unknown}
 p - a potion of curing
 r - a potion of haste {unknown}
 t - a potion of lignification {unknown}
Comestibles
 f - 7 rations


   Skills:
 + Level 3.3 Fighting
 + Level 4.9 Short Blades
 - Level 2.1 Throwing
 + Level 1.5 Armour
 + Level 4.5 Dodging
 + Level 2.8 Stealth


You had 4 spell levels left.
You didn't know any spells.
Your spell library was empty.

Dungeon Overview and Level Annotations

Branches:
Dungeon (3/15)

Altars:
Qazlal


Innate Abilities, Weirdness & Mutations

You are small and have problems with some larger weapons.
You are carnivorous and can eat meat at any time.


Message History

You hit something.
Reactivating autopickup.
You feel a bit more experienced.
You hit the orc.
The orc is heavily wounded.
The orc barely misses you.
You hit the orc.
You kill the orc!
You hit the orc priest but do no damage.
The orc priest calls down the wrath of Beogh upon you.
Beogh smites you!
* * * LOW HITPOINT WARNING * * *
The gnoll misses you. The orc priest closely misses you.
You climb upwards.
There is a stone staircase leading down here.
You hit the orc priest but do no damage.
The orc priest mumbles some strange prayers to Beogh against you.
Beogh smites you!
You die...

####.# #.# ...#.# #.# .....#
#.# ##.### #.# #..# #.# ##.##
#.# #..# #.#
####.###########o#
...............[@#
#####.######.##### #..#####.#
#......#.# #......#.# ###
#......#.# ..# #......#.# ..#
#......#.#
..###......#.################


You could see an orc priest.

Vanquished Creatures
  An orc wizard (D:3)
  Robin (D:2)
  2 gnolls
  An adder (D:2)
  A worm (D:2)
  4 dart slugs
  A leopard gecko (D:3)
  3 orcs
  A ball python (D:2)
  11 bats
  4 giant cockroaches (D:1)
  12 hobgoblins
  9 kobolds
  2 frilled lizards
  13 goblins
  5 rats
71 creatures vanquished.

Notes
Turn   | Place    | Note
-------+----------+-------------------------------------------
     0 | D:1      | Borgoz the Kobold Gladiator began the quest for the Orb.
     0 | D:1      | Reached XP level 1. HP: 12/12 MP: 1/1
   118 | D:1      | Reached XP level 2. HP: 18/18 MP: 2/2
   152 | D:1      | Reached skill level 1 in Stealth
   290 | D:1      | Reached XP level 3. HP: 10/22 MP: 3/3
   629 | D:1      | Reached skill level 1 in Armour
   996 | D:1      | Reached XP level 4. HP: 25/27 MP: 4/4
  1274 | D:2      | Found a stormy altar of Qazlal.
  1533 | D:2      | Noticed Robin
  1594 | D:2      | Killed Robin
  1594 | D:2      | Reached XP level 5. HP: 31/32 MP: 5/5
  2730 | D:2      | Killed from afar by an orc priest

Vault maps used:
D:1:      scummos_arrival_hexagon
D:2:      nicolae_qazlal_general_emergency, uniq_robin
D:3:      first_ration, nicolae_ru_path_of_blood

Skill      XL: |  1  2  3  4 |
---------------+-------------+-----
Stealth        | 1 2 |  2.8
Dodging        | 4 |  4.5
Armour         | 1 |  1.5
Fighting       | 3 |  3.3
Short Blades   | |  4.9
Throwing       | |  2.1

Action                   |  1- 3 |  4- 6 || total
-------------------------+-------+-------++-------
Melee: Rapier            |    96 |   159 ||   255
  Use: Potion            |     2 |       ||     2
 Stab: Sleeping          |     2 |     2 ||     4
  Eat: Chunk             |     9 |     4 ||    13
Armor: Leather armour    |     9 |       ||     9
       Ring mail         |     8 |    55 ||    63
Dodge: Dodged            |    74 |   159 ||   233

Table legend:
 A = Non-vault XP
 B = Vault XP
 C = Vault XP percentage of total XP
 D = Non-vault monster count
 E = Vault monster count
 F = Vault count percentage of total count
                 A         B        C        D         E       F
            +---------+---------+-------+---------+---------+-------
      Total |     184 |      37 |  16.7 |      59 |      12 |  16.9
            +---------+---------+-------+---------+---------+-------
        D:1 |      69 |       0 |   0.0 |      31 |       0 |   0.0
        D:2 |      69 |      37 |  34.9 |      22 |      12 |  35.3
        D:3 |      46 |       0 |   0.0 |       6 |       0 |   0.0
            +---------+---------+-------+---------+---------+-------
